 Dungeon Crawl Stone Soup version 0.32-a0-20-ge526923d97 (webtiles) character file.

Game seed: 10329433364302160625

23 jasper the Sneak (level 2, -1/13 HPs)
             Began as a Spriggan Alchemist on Jan 17, 2024.
             Slain by a ribbon worm (8 damage)
             ... on level 2 of the Dungeon.
             The game lasted 00:01:24 (1080 turns).

jasper the Sneak (Spriggan Alchemist)               Turns: 1080, Time: 00:01:25

Health: -1/13      AC:  2    Str:  4    XL:     2   Next: 75%
Magic:  1/6        EV: 17    Int: 16    God:
Gold:   71         SH:  0    Dex: 15    Spells: 5/6 levels left

rFire   . . .        g - +0 sling
rCold   . . .        (no shield)
rNeg    . . .        a - +0 robe
rPois   .            (helmet restricted)
rElec   .            (no cloak)
rCorr   .            (gloves unavailable)
SInv    +            (boots unavailable)
Will    .....        (no amulet)
Stlth   +++          (no ring)
HPRegen 0.22/turn    (no ring)
MPRegen 0.10/turn

%: no passive effects
@: very slightly contaminated, very quick
A: very small, no large weapons, unfitting armour, see invisible, speed 3
a: no special abilities


You were on level 2 of the Dungeon.
You visited 1 branch of the dungeon, and saw 2 of its levels.

You collected 71 gold pieces.

Inventory:

Hand Weapons
 g - a +0 sling (weapon)
Armour
 a - a +0 robe (worn)
Jewellery
 h - a ring of fire
Scrolls
 c - a scroll of butterflies {unknown}
 d - a scroll of fear {unknown}
 e - a scroll of identify {unknown}
 i - a scroll of enchant armour {unknown}
Potions
 b - a potion of magic
 f - a potion of enlightenment {unknown}
 j - a potion of cancellation {unknown}


   Skills:
 - Level 2.6 Dodging
 + Level 4.2 Stealth
 - Level 2.6 Spellcasting
 - Level 0.6 Conjurations
 + Level 3.9 Alchemy


You had 5 spell levels left.
You knew the following spells:

 Your Spells              Type           Power      Damage    Failure   Level
a - Sting                 Conj/Alch      36%        1d5       8%          1

Your spell library contained the following spells:

 Spells                   Type           Power      Damage    Failure   Level
 Mercury Vapours          Alch/Air       16%        N/A       13%         2
 Mephitic Cloud           Conj/Alch/Air  7%         N/A       30%         3
 Olgreb's Toxic Radiance  Alch           14%        N/A       36%         4
 Sticky Flame             Fire/Alch      8%         2d4       65%         4


Dungeon Overview and Level Annotations

Branches:
Dungeon (2/15)

Altars:


Innate Abilities, Weirdness & Mutations

You are very small and have problems with some larger weapons.
You are too small for most types of armour.
You have supernaturally acute eyesight. (SInv)
You cover ground extremely quickly. (Speed+++)


Message History

Aiming: Sting (safe; 8% risk of failure)
Press: ? - help, Q - select action, (/) - cycle Shift-Dir - straight line, f/p - ribbon worm
Aim: a ribbon worm (asleep, 100% to hit)
The sting hits the ribbon worm.
The ribbon worm is poisoned.
The ribbon worm is moderately wounded.
You now have 3/6 mp.
Aiming: Sting (safe; 8% risk of failure)
Press: ? - help, Q - select action, (/) - cycle Shift-Dir - straight line, f/p - ribbon worm
Aim: a ribbon worm (lightly wounded, poisoned, 89% to hit)
The sting hits the ribbon worm.
The ribbon worm looks even sicker.
The ribbon worm is moderately wounded.
You now have 2/6 mp.
Aiming: Sting (safe; 8% risk of failure)
Press: ? - help, Q - select action, (/) - cycle Shift-Dir - straight line, f/p - ribbon worm
Aim: a ribbon worm (moderately wounded, very poisoned, 89% to hit)
The sting misses the ribbon worm.
You now have 1/6 mp.
Aiming: Sting (safe; 8% risk of failure)
Press: ? - help, Q - select action, (/) - cycle Shift-Dir - straight line, f/p - ribbon worm
Aim: a ribbon worm (moderately wounded, very poisoned, 89% to hit)
You miscast Sting.
Nothing appears to happen.
You now have 0/6 mp.
You don't have enough magic to cast this spell.
You don't have enough magic to cast this spell.
You don't have enough magic to cast this spell.
You don't have enough magic to cast this spell.
You don't have enough magic to cast this spell.
You don't have enough magic to cast this spell.
You shoot a sling bullet. The sling bullet hits the ribbon worm.
The ribbon worm is severely wounded.
The ribbon worm bites you. x2
You take 7 damage, and have 6/13 hp.
MASSIVE DAMAGE!!
You shoot a sling bullet. The sling bullet hits the ribbon worm.
The ribbon worm is almost dead.
The ribbon worm expels a string of sticky webbing.
The stream of webbing hits you but does no damage.
You are caught in a web!
The web tears apart.
The ribbon worm bites you!
Ouch! That really hurt!
You die...

#.#.###.#.# #.#
#.#.......# #.#
#.#####.###############.##
.....<...................#
#.#####.##################
...###............
........#.########
....#####)#......#
..........#.####@#
...<........# #w#
#.###...##### #.# .......
#.# ....... #.# .......
#.# #...... ... ##.#...
#..


You could see a ribbon worm (poisoned, catching breath).

Vanquished Creatures
  An adder (D:2)
  3 ball pythons (D:1)
  3 endoplasms (D:1)
  A goblin (D:2)
  2 hobgoblins
  A quokka (D:1)
  A bat (D:1)
  A rat (D:2)
13 creatures vanquished.

Notes
Turn   | Place    | Note
-------+----------+-------------------------------------------
     0 | D:1      | jasper the Spriggan Alchemist began the quest for the Orb.
     0 | D:1      | Reached XP level 1. HP: 9/9 MP: 5/5
   400 | D:1      | Reached XP level 2. HP: 13/13 MP: 2/6
   797 | D:2      | Reached skill level 4 in Stealth
  1080 | D:2      | Slain by a ribbon worm

Illustrated notes

Levels and vault maps discovered:
D:1:      elethiomel_arrival_quiet, layout_basic
D:2:      layout_basic, basic_altar, hellmonk_ecumenical_altar_dog_temple,
          nicolae_figureground_pulse

Skill      XL: |  1  2 |
---------------+-------+-----
Stealth        | 4 |  4.2
Dodging        | |  2.6
Spellcasting   | |  2.6
Conjurations   | |  0.6
Alchemy        | |  3.9

Action                     || total
---------------------------++-------
   Fire: Sling             ||     3
   Cast: Sting             ||    32
 Armour: Robe              ||     3
  Dodge: Dodged            ||     7

Table legend: (Time is in decaauts)
 A = Elapsed time spent in this place.
 B = Non-inter-level travel time spent in this place.
 C = Inter-level travel time spent in this place.
 D = Time resting spent in this place.
 E = Time spent auto-exploring this place.
 F = Levels seen in this place.
 G = Mean time per level.
                   A        B        C        D        E       F      G
               +--------+--------+--------+--------+--------+-----+--------+
         Total |    790 |    768 |     22 |      2 |    675 |   2 |  395.0 |
       Dungeon |    790 |    768 |     22 |      2 |    675 |   2 |  395.0 |
               +--------+--------+--------+--------+--------+-----+--------+

Top non-repeatable levels by time:
     D:1: 561 daAuts
     D:2: 229 daAuts
